 Dungeon Crawl Stone Soup version 0.22.1-1-ga44c0e5 (webtiles) character file.

2118 bnggit the Basher (level 9, -3/78 HPs)
             Began as a Minotaur Berserker on Oct 2, 2018.
             Was an Elder of Trog.
             Slain by Duvessa
             ... wielding a +0 short sword
              (13 damage)
             ... on level 6 of the Dungeon on Oct 5, 2018.
             The game lasted 00:20:35 (4384 turns).

bnggit the Basher (Minotaur Berserker)              Turns: 4384, Time: 00:20:36

Health: -3/78      AC:  8    Str: 24    XL:     9   Next: 8%
Magic:  8/8        EV: 13    Int:  4    God:    Trog [****..]
Gold:   283        SH:  3    Dex: 11    Spells: 8/8 levels left

rFire    . . .     SeeInvis .   a - +1 mace
rCold    + . .     Gourm    .   y - +0 buckler
rNeg     . . .     Faith    .   x - +1 ring mail {MR+}
rPois    .         Spirit   .   (helmet restricted)
rElec    .         Reflect  .   (no cloak)
rCorr    .         Harm     .   v - +0 pair of gloves
MR       +++..                  (no boots)
Stlth    +.........             d - amulet of magic regeneration
HPRegen  1.23/turn              f - ring of protection from cold
MPRegen  0.36/turn              (no ring)

@: about to teleport, berserk cooldown, regenerating
A: retaliatory headbutt, horns 2
a: Berserk, Trog's Hand, Brothers in Arms, Renounce Religion


You were on level 6 of the Dungeon.
You worshipped Trog.
Trog was greatly pleased with you.
You were not hungry.

You visited 1 branch of the dungeon, and saw 6 of its levels.

You collected 283 gold pieces.

Inventory:

Hand Weapons
 a - a +1 mace (weapon)
 o - a +0 long sword
Missiles
 e - 84 bolts (quivered)
 h - 82 arrows
 i - 165 stones
Armour
 b - a +0 animal skin
 g - a +1 ring mail
 v - a +0 pair of gloves (worn)
 x - a +1 ring mail of magic resistance (worn)
 y - a +0 buckler (worn)
Jewellery
 d - an amulet of magic regeneration (around neck)
 f - a ring of protection from cold (left hand)
Wands
 m - a wand of iceblast (16)
 u - a wand of polymorph (10)
Scrolls
 j - a scroll of blinking
 k - 2 scrolls of identify
 n - a scroll of enchant armour
 r - 3 scrolls of remove curse
Potions
 q - a potion of mutation {unknown}
 s - a potion of ambrosia {unknown}
 t - 2 potions of agility {unknown}
Comestibles
 c - 5 rations
 w - 23 chunks of flesh


   Skills:
 + Level 6.7 Fighting
 + Level 10.2 Maces & Flails
 + Level 7.1 Armour
 + Level 5.3 Dodging
 + Level 1.3 Stealth
 + Level 1.2 Shields


You had 8 spell levels left.
You didn't know any spells.
Your spell library was empty.

Dungeon Overview and Level Annotations

Branches:
Dungeon (6/15)             Temple (0/1) D:5

Altars:
Dithmenos
Gozag
Nemelex Xobeh
Ru
Sif Muna
Yredelemnul
Zin

Annotations:
D:6 Duvessa


Innate Abilities, Weirdness & Mutations

You reflexively headbutt those who attack you in melee.
You have a pair of horns on your head.


Message History

* * * LOW HITPOINT WARNING * * *
Duvessa barely misses you.
Eat one of 24 chunks of flesh? (ye/n/q)
You eat one of the 24 chunks of flesh.
This raw flesh tastes terrible.
Duvessa hits you but does no damage. You block Duvessa's attack.
Okay, then.
Your skin crawls.
You feel resistant to hostile enchantments.
You feel somewhat more hungry. Duvessa hits you with a short sword!
* * * LOW HITPOINT WARNING * * *
You closely miss Duvessa.
Duvessa is moderately wounded.
Duvessa hits you with a short sword.
* * * LOW HITPOINT WARNING * * *
Okay, then.
Okay, then.
Okay, then.
As you read the scroll of teleportation, it crumbles to dust.
You feel strangely unstable. Duvessa hits you with a short sword!
You die...

####...)#............#
.......)).)...........
###..####.####........
#.. #.# #........
###.. #.# #........
...... #.# +........
......# #.# #........
.......##.# #........
......he@.#
......)#### .......
....... .<..#.# ......
...### ##


You could see Duvessa (berserk) and a hound.

Vanquished Creatures
  A two-headed ogre (D:6)
  Eustachio (D:6)
  A sky beast (D:5)
  An orc warrior (D:6)
  A phantom (D:5)
  4 ogres
  Dowan (D:6)
  A scorpion (D:5)
  2 hounds
  2 orc priests
  2 orc wizards
  An iguana (D:5)
  2 bullfrog skeletons
  Ijyb (D:6)
  6 worker ants
  A hound zombie (D:5)
  2 worker ant zombies (D:6)
  4 gnolls (D:6)
  5 adders
  A shadow imp (D:5)
  4 worms
  A dart slug (D:4)
  6 leopard geckos
  8 orcs
  6 giant cockroaches
  8 goblins
  9 hobgoblins
  11 jackals
  7 bats
  4 frilled lizards
  5 kobolds
  2 quokka skeletons (D:5)
  7 rats
  A spectral orc (D:2)
119 creatures vanquished.

Notes
Turn   | Place    | Note
-------+----------+-------------------------------------------
     0 | D:1      | bnggit the Minotaur Berserker began the quest for the Orb.
     0 | D:1      | Reached XP level 1. HP: 19/19 MP: 0/0
   243 | D:1      | Reached skill level 4 in Maces & Flails
   243 | D:1      | Reached XP level 2. HP: 21/27 MP: 1/1
   595 | D:2      | Reached ** piety under Trog
   629 | D:2      | Reached XP level 3. HP: 26/33 MP: 2/2
  1246 | D:2      | Found a basalt altar of Yredelemnul.
  1377 | D:3      | Reached skill level 5 in Maces & Flails
  1377 | D:3      | Reached XP level 4. HP: 40/40 MP: 3/3
  1577 | D:3      | Found a sparkling altar of Nemelex Xobeh.
  1707 | D:3      | Found a sacrificial altar of Ru.
  1816 | D:3      | Noticed Ijyb
  2019 | D:3      | Reached XP level 5. HP: 47/47 MP: 4/4
  2166 | D:4      | Found a deep blue altar of Sif Muna.
  2172 | D:4      | Reached *** piety under Trog
  2456 | D:4      | Reached skill level 6 in Maces & Flails
  2770 | D:4      | Reached XP level 6. HP: 55/55 MP: 5/5
  2791 | D:4      | Reached skill level 5 in Fighting
  2911 | D:5      | Entered Level 5 of the Dungeon
  2984 | D:5      | Found an opulent altar of Gozag.
  3010 | D:5      | Noticed a sky beast
  3018 | D:5      | Killed a sky beast
  3018 | D:5      | Reached skill level 7 in Maces & Flails
  3022 | D:5      | Found a staircase to the Ecumenical Temple.
  3096 | D:5      | Reached XP level 7. HP: 61/61 MP: 6/6
  3352 | D:5      | Reached skill level 8 in Maces & Flails
  3369 | D:5      | HP: 1/62 [poisoned by a scorpion]
  3662 | D:5      | Found a shadowy altar of Dithmenos.
  3744 | D:5      | Found a sacrificial altar of Ru.
  4155 | D:6      | Killed Ijyb
  4155 | D:6      | Reached skill level 5 in Armour
  4211 | D:6      | Found a glowing silver altar of Zin.
  4235 | D:6      | Reached XP level 8. HP: 64/70 MP: 7/7
  4269 | D:6      | Noticed Eustachio
  4275 | D:6      | Killed Eustachio
  4275 | D:6      | Reached skill level 1 in Stealth
  4303 | D:6      | Reached skill level 9 in Maces & Flails
  4312 | D:6      | Reached **** piety under Trog
  4326 | D:6      | Noticed a two-headed ogre
  4343 | D:6      | Killed a two-headed ogre
  4343 | D:6      | Reached skill level 10 in Maces & Flails
  4343 | D:6      | Reached skill level 5 in Dodging
  4343 | D:6      | Reached skill level 1 in Shields
  4343 | D:6      | Reached XP level 9. HP: 45/78 MP: 8/8
  4372 | D:6      | Noticed Duvessa
  4373 | D:6      | Noticed Dowan
  4377 | D:6      | Killed Dowan
  4384 | D:6      | Slain by Duvessa

Skill      XL: |  1  2  3  4  5  6  7  8  9 |
---------------+----------------------------+-----
Maces & Flails | 4 5 6 7 8 10 | 10.2
Fighting       | 4 5 6 |  6.7
Armour         | 3 4 5 6 7 |  7.1
Dodging        | 3 4 5 |  5.3
Stealth        | 1 |  1.3
Shields        | 1 |  1.2

Action                   |  1- 3 |  4- 6 |  7- 9 || total
-------------------------+-------+-------+-------++-------
Melee: Mace              |    97 |   100 |   120 ||   317
       Headbutt          |    17 |    16 |    25 ||    58
Invok: Berserk           |     2 |       |     4 ||     6
       Trog's Hand       |       |       |     2 ||     2
  Use: Scroll            |     3 |     4 |     3 ||    10
       Potion            |       |     3 |     4 ||     7
  Eat: Chunk             |     2 |     5 |     3 ||    10
       Ration            |       |     1 |     1 ||     2
Armor: Animal skin       |     5 |       |       ||     5
       Ring mail         |    29 |    38 |    26 ||    93
Dodge: Dodged            |    65 |    63 |    70 ||   198
Block: Buckler           |       |       |     5 ||     5
